 Dungeon Crawl Stone Soup version 0.18.1-50-g88ac8fd (webtiles) character file.

1456 ololoev the Thaumaturge (level 8, -1/41 HPs)
             Began as a Deep Elf Earth Elementalist on Dec 6, 2016.
             Was an Initiate of Elyvilon (penitent).
             Slain by a slave (5 damage)
             ... led by Pikel
             ... on level 7 of the Dungeon.
             The game lasted 00:15:50 (2210 turns).

ololoev the Thaumaturge (DEEE)                      Turns: 2210, Time: 00:15:50

Health: -1/41      AC:  7    Str:  5    XL:     8   Next: 47%
Magic:  19/24      EV: 12    Int: 23    God:    Elyvilon [*]
Gold:   245        SH:  0    Dex: 18    Spells: 5 memorised, 12 levels left

rFire  + . .     SeeInvis .     b - 11 stones
rCold  + . .     Gourm    .     m - +2 robe {rC+ rF+}
rNeg   . . .     Faith    .     (no shield)
rPois  .         Spirit   .     (no helmet)
rElec  .         Dismiss  .     y - +0 cloak
rCorr  .         Reflect  .     s - +1 pair of gloves {Dex+3}
SustAt .         Harm     .     (no boots)
MR     .....                    (no amulet)
Stlth  ++........               (no ring)
                                D - ring of wizardry

@: drained, not resistant to hostile enchantments, unstealthy
A: no striking features
a: Renounce Religion

Inventory:

Missiles
 b - 11 stones (in hand)
 l - 2 curare-tipped needles
Armour
 m - a +2 robe of resistance (worn)
 s - a +1 pair of gloves of dexterity (worn)
 y - a +0 cloak (worn)
Jewellery
 D - a ring of wizardry (left hand)
Wands
 E - a wand of paralysis (9/24)
Scrolls
 a - 2 scrolls of noise {unknown}
 f - 5 scrolls of teleportation {unknown}
 h - 3 scrolls of blinking {unknown}
 j - 6 scrolls of identify {unknown}
 n - 3 scrolls of remove curse {unknown}
 t - a scroll of magic mapping {unknown}
 x - a scroll of holy word {unknown}
 z - a scroll of enchant weapon {unknown}
 A - a scroll of random uselessness {unknown}
 C - a scroll of immolation {unknown}
Potions
 e - 5 potions of flight {unknown}
 g - 3 potions of curing {unknown}
 o - 3 potions of heal wounds {unknown}
 p - a potion of resistance {unknown}
 q - a potion of haste {unknown}
 r - a potion of ambrosia {unknown}
 u - a potion of cancellation {unknown}
 w - a potion of degeneration {unknown}
 B - 2 potions of might {unknown}
Books
 c - a book of Geomancy

   Spells                             Type                      Level
   a - Sandblast                      Earth                        1
   b - Passwall                       Transmutation/Earth          2
   c - Stone Arrow                    Conjuration/Earth            3
   d - Petrify                        Transmutation/Earth          4
   e - Lee's Rapid Deconstruction     Earth                        5
Comestibles
 d - 7 bread rations
 i - a beef jerky
 k - 2 meat rations
 v - 2 chunks of flesh
 F - a slice of pizza


   Skills:
 - Level 2.4(1.8) Dodging
 - Level 2.4(1.8) Stealth
 * Level 10.3(9.6) Spellcasting
 + Level 5.4(4.8) Conjurations
 - Level 1.1(0.5) Transmutations
 + Level 6.5(5.9) Earth Magic


You had 12 spell levels left.
You knew the following spells:

 Your Spells              Type           Power        Failure   Level  Hunger
a - Sandblast             Erth           #####.       1%          1    None
b - Stone Arrow           Conj/Erth      #####.       1%          3    None
c - Lee's Rapid Deconstr  Erth           #####.....   7%          5    ####...
d - Petrify               Trmt/Erth      ####....     7%          4    ##.....
w - Passwall              Trmt/Erth      ####......   1%          2    None


You were on level 7 of the Dungeon.
You worshipped Elyvilon.
Elyvilon was demanding penance.
You were not hungry.

You visited 1 branch of the dungeon, and saw 8 of its levels.
You also visited: Sewer.

You collected 245 gold pieces.

# #.........#
###########....(....#
#...................#
#...................#
#...................#
#..................#####
#......................#
#................K###.##
####...#.###....@p....#
>......#.#......pp....#
...........##.###.....#
..........##..#.....≈.#
...................≈#≈.#
................$.≈..#≈.≈#
.####....#..###..≈#...#≈#.
.# ###...#.# #...≈#...#...
## #..... ..... #...#.

Notes
Turn   | Place    | Note
--------------------------------------------------------------
     0 | D:1      | ololoev the Deep Elf Earth Elementalist began the quest for the Orb.
     0 | D:1      | Reached XP level 1. HP: 10/10 MP: 6/6
   178 | D:2      | Found a blossoming altar of Fedhas.
   220 | D:2      | Reached XP level 2. HP: 15/15 MP: 2/8
   224 | D:2      | Learned a level 2 spell: Passwall
   238 | D:2      | Found a burning altar of Makhleb.
   238 | D:2      | Noticed an Executioner
   264 | D:2      | Reached skill level 4 in Spellcasting
   264 | D:2      | Reached XP level 3. HP: 15/19 MP: 6/11
   271 | D:2      | Learned a level 3 spell: Stone Arrow
   302 | D:3      | Noticed ololoev's ghost (weakling DEEE)
   306 | D:3      | Killed ololoev's ghost
   450 | D:4      | Noticed a phantom
   452 | D:4      | Reached skill level 5 in Spellcasting
   465 | D:4      | Killed a phantom
   465 | D:4      | Reached skill level 1 in Conjurations
   465 | D:4      | Reached XP level 4. HP: 24/24 MP: 2/13
   465 | D:4      | Reached XP level 5. HP: 28/28 MP: 2/15
   512 | D:4      | Found a sparkling altar of Nemelex Xobeh.
   537 | D:4      | Reached skill level 6 in Spellcasting
   568 | D:4      | Noticed Blork the orc
   574 | D:4      | Killed Blork the orc
   574 | D:4      | Reached XP level 6. HP: 32/32 MP: 5/17
   757 | D:4      | Found a shimmering altar of Xom.
   820 | D:5      | Entered Level 5 of the Dungeon
   924 | D:5      | Found a glowing golden altar of the Shining One.
   939 | D:5      | Found a basalt altar of Yredelemnul.
   948 | D:6      | Found a glowing drain.
   980 | Sewer    | Entered a sewer
   983 | Sewer    | Reached skill level 7 in Spellcasting
  1070 | Sewer    | Found a white marble altar of Elyvilon.
  1079 | Sewer    | Became a worshipper of Elyvilon the Healer
  1138 | D:7      | Found a white marble altar of Elyvilon.
  1141 | D:7      | Reached skill level 5 in Earth Magic
  1167 | D:6      | Found Roopunar's Armour Shop.
  1187 | D:6      | Reached XP level 7. HP: 17/36 MP: 17/20
  1298 | D:6      | Noticed a yak
  1308 | D:6      | Killed a yak
  1308 | D:6      | Reached skill level 8 in Spellcasting
  1409 | D:6      | Reached skill level 9 in Spellcasting
  1440 | D:6      | Got a crude silver amulet
  1441 | D:6      | Identified the amulet of the Dozen Tales {Harm *Drain Int+3} (You found it on level 6 of the Dungeon)
  1495 | D:6      | Was placed under penance by Elyvilon
  1515 | D:5      | Reached XP level 8. HP: 41/41 MP: 20/23
  1667 | D:5      | Found a shattered altar of Ashenzari.
  1682 | D:5      | Learned a level 5 spell: Lee's Rapid Deconstruction
  1687 | D:5      | Learned a level 4 spell: Petrify
  1790 | D:5      | Found a burning altar of Makhleb.
  1790 | D:5      | Found a shadowy altar of Dithmenos.
  1991 | D:8      | Reached skill level 5 in Conjurations
  2011 | D:7      | Noticed Pikel
  2045 | D:7      | Reached skill level 10 in Spellcasting
  2210 | D:7      | Slain by a slave

Dungeon Overview and Level Annotations

Branches:
Dungeon (8/15)
 Temple: D:4-7         Lair: D:8-11

Altars:
Ashenzari
Dithmenos
Elyvilon
Fedhas
Makhleb
Nemelex Xobeh
Xom
Yredelemnul
The Shining One

Shops:
D:6 [

Annotations:
D:7 Pikel


Message History

Aiming: Sandblast
Press: ? - help, Shift-Dir - straight line, f - adder
Aim: an adder The rocky blast hits the adder.
You kill the adder!
You now have 245 gold pieces (gained 14).
There is a stone staircase leading down here.
You climb downwards.
Found a quarterstaff.
There is a stone staircase leading up here.
You climb upwards.
Level annotation: Pikel
There is a stone staircase leading down here.
F - a slice of pizza A slave comes into view.
The slave shouts!
Found 21 stones.
Found a dark potion.
The slave shouts!
The slave hits you but does no damage.
Pikel shouts!
The slave shouts!
The slave hits you. The slave hits you.
Found 11 gold pieces.
The slave closely misses you.
A centaur zombie comes into view.
The slave barely misses you. The slave hits you but does no damage.
Casting: Sandblast
Confirm with . or Enter, or press ? or * to list all spells.
Aiming: Sandblast
Press: ? - help, Shift-Dir - straight line, f - Pikel
Aim: Pikel, wielding a whip of flaming and wearing a robe The rocky blast hits Pikel.
Pikel is lightly wounded.
The slave barely misses you. x2
Casting: Sandblast
Confirm with . or Enter, or press ? or * to list all spells.
Aiming: Sandblast
Press: ? - help, Shift-Dir - straight line, f/p - Pikel
Aim: Pikel, wielding a whip of flaming and wearing a robe (lightly wounded)
The rocky blast hits Pikel.
Pikel is heavily wounded.
The slave hits you. The slave hits you! The slave hits you but does no damage.
Casting: Sandblast
Confirm with . or Enter, or press ? or * to list all spells.
Aiming: Sandblast
Press: ? - help, Shift-Dir - straight line, f/p - Pikel
Aim: Pikel, wielding a whip of flaming and wearing a robe (heavily wounded)
The rocky blast hits Pikel.
Pikel is heavily wounded.
The slave barely misses you. The slave hits you but does no damage.
Pikel misses you. The slave completely misses you.
Casting: Sandblast
Confirm with . or Enter, or press ? or * to list all spells.
Aiming: Sandblast
Press: ? - help, Shift-Dir - straight line, f/p - Pikel
Aim: Pikel, wielding a whip of flaming and wearing a robe (heavily wounded)
The rocky blast hits Pikel.
Pikel is almost dead.
The slave hits you. x2; Pikel misses you.
The slave hits you but does no damage.
Casting: Sandblast
Confirm with . or Enter, or press ? or * to list all spells.
Aiming: Sandblast
Press: ? - help, Shift-Dir - straight line, f/p - Pikel
Aim: Pikel, wielding a whip of flaming and wearing a robe (almost dead)
The rocky blast hits Pikel.
Pikel is almost dead.
The slave hits you! The slave hits you but does no damage.
Pikel hits you with a whip of flaming. Pikel burns you.
The slave completely misses you.
Casting: Sandblast
Confirm with . or Enter, or press ? or * to list all spells.
Aiming: Sandblast
Press: ? - help, Shift-Dir - straight line, f/p - Pikel
Aim: Pikel, wielding a whip of flaming and wearing a robe (almost dead)
The rocky blast hits Pikel.
Pikel is almost dead.
The slave completely misses you. The slave hits you.
You die...

You could see Pikel and 3 slaves.

Vanquished Creatures
  A yak (D:6)
  A spriggan (D:7)
  A slave (D:8)
  An eye of draining (D:8)
  An ogre (D:7)
  A phantom (D:4)
  A centaur (D:7)
  A big kobold (Sewer)
  Blork the orc (D:4)
  2 giant frogs
  A scorpion (D:6)
  A killer bee (D:6)
  2 crimson imps
  2 jellies (D:6)
  A hound (D:4)
  An orc priest (D:2)
  An iguana (D:6)
  2 worker ants
  2 howler monkey skeletons (D:6)
  7 adders
  2 river rats (Sewer)
  2 shadow imps
  An adder zombie (D:6)
  3 dart slugs
  The ghost of ololoev the Magician, a weakling DEEE (D:3)
  3 giant geckos
  12 orcs
  3 ball pythons
  3 bats
  5 giant cockroaches
  2 hobgoblins
  7 jackals
  4 quokkas
  A giant gecko skeleton (D:5)
  2 giant newts
  A goblin (D:3)
  4 kobolds
  A quokka skeleton (D:6)
  6 rats
94 creatures vanquished.

Action                   |  1- 3 |  4- 6 |  7- 9 || total
-------------------------+-------+-------+-------++-------
 Cast: Sandblast         |    38 |    56 |    65 ||   159
       Passwall          |       |       |     7 ||     7
  Eat: Chunk             |       |     1 |     3 ||     4
Armor: Robe              |     1 |     2 |    11 ||    14
Dodge: Dodged            |     6 |     8 |    13 ||    27

Vault maps used:
D:1:      evilmike_arrival_run_for_it
D:2:      overflow_temple_1_default, first_bread, makhleb_altar_promises_db
D:4:      tgw_xom, nemelex_altar_shiori, uniq_blork_the_orc
D:5:      grunt_temple_overflow_holy_war, nicolae_overflow_crystal_walls,
          gammafunk_temple_overflow_pools
D:6:      minmay_opposing_rooms, portal_sewer_entry_a, serial_shops, shop
D:7:      old_standard_altar, temple_doors_d, nicolae_water_bricks, the_bakery,
          lemuel_angel_altar, uniq_pikel
D:8:      basic_altar, st_stairs_13
Sewer:    sewer_kobolds
